 Dungeon Crawl Stone Soup version 0.28.0-49-g6dfe1f597d (webtiles) character file.

Game seed: 5428775351282345590

220 firemarshallily the Chiller (level 5, 0/52 HPs)
             Began as a Merfolk Ice Elementalist on May 17, 2022.
             Was a Believer of Makhleb.
             Slain by Menkaure (4 damage)
             ... on level 4 of the Dungeon.
             The game lasted 00:11:38 (2918 turns).

firemarshallily the Chiller (MfIE)                  Turns: 2918, Time: 00:11:38

Health: 0/52       AC: 16    Str: 17    XL:     5   Next: 97%
Magic:  14/19      EV: 13    Int: 16    God:    Makhleb [**....]
Gold:   148        SH:  0    Dex: 14    Spells: 2/11 levels left

rFire   + . .      SeeInvis .   i - +1 hand axe of Profit {protect, Will- MP+9 Str+8}
rCold   . . .      Faith    .   (no shield)
rNeg    . . .      Spirit   .   a - +0 robe
rPois   .          Reflect  .   o - +0 helmet
rElec   .          Harm     .   (no cloak)
rCorr   .          Rampage  .   (no gloves)
Will    .....                   (no boots)
Stlth   ..........              (no amulet)
HPRegen 0.17/turn               k - ring of protection from fire
MPRegen 0.16/turn               (no ring)

@: berserking, ice-armoured, under a protective aura, freezing walls,
attractive, flying, very quick
A: (nimble swimmer 2), mertail
a: Renounce Religion, Minor Destruction


You were on level 4 of the Dungeon.
You worshipped Makhleb.
Makhleb was pleased with you.
You visited 1 branch of the dungeon, and saw 4 of its levels.

You collected 148 gold pieces.

Inventory:

Hand Weapons
 d - a +0 dagger
 i - the +1 hand axe of Profit (weapon) {protect, Will- MP+9 Str+8}
   (You found it on level 2 of the Dungeon)

   It grants its wielder temporary protection when it strikes (+7 to AC).
   Str:       It affects your strength (+8).
   MP:        It affects your magic capacity (+9).
   Will:      It decreases your willpower.
Missiles
 f - 21 stones (quivered)
Armour
 a - a +0 robe (worn)
 o - a +0 helmet (worn)
 p - a +0 leather armour
Jewellery
 k - a ring of protection from fire (left hand)
Scrolls
 g - a scroll of fog {unknown}
 h - a scroll of torment {unknown}
 j - a scroll of teleportation {unknown}
 l - 3 scrolls of identify
 m - a scroll of noise {unknown}
 r - a scroll of enchant armour {unknown}
 s - a scroll of blinking {unknown}
Potions
 b - 2 potions of curing
 q - a potion of haste {unknown}


   Skills:
 + Level 1.3 Axes
 - Level 3.0 Dodging
 - Level 2.1 Stealth
 * Level 3.8 Spellcasting
 * Level 6.0 Ice Magic


You had 2 spell levels left.
You knew the following spells:

 Your Spells              Type           Power      Damage    Failure   Level
a - Freeze                Ice            88%        1d10      1%          1
b - Frozen Ramparts       Ice            44%        1d6       4%          3
c - Ozocubu's Armour      Ice            22%        N/A       4%          3
d - Ensorcelled Hibernat  Hex/Ice        24%        N/A       8%          2

Your spell library contained the following spells:

 Spells                   Type           Power      Damage    Failure   Level
 Blink                    Tloc           6%         N/A       26%         2
 Passwall                 Tmut/Erth      2%         N/A       26%         2
 Lesser Beckoning         Tloc           3%         N/A       45%         3
 Swiftness                Air            3%         N/A       45%         3
 Hailstorm                Conj/Ice       12%        3d5       45%         4
 Manifold Assault         Tloc           3%         N/A       99%         5


Dungeon Overview and Level Annotations

Branches:
Dungeon (4/15)
 Temple: D:4-7

Altars:
Makhleb

Shops:
D:2 (

Annotations:
D:4 Menkaure; styxcanada's ghost, amateur SpBr


Innate Abilities, Weirdness & Mutations

((You are very nimble when in or above water. (Stealth+, EV+, Speed+++)))
Your lower body shifts to a powerful aquatic tail in water.


Message History

Confirm with . or Enter, or press ? or * to list all spells.
A film of ice covers your body!
The wall freezes the jelly.
You hit the jelly.
Your weapon exudes an aura of protection.
Your hands burn!
The jelly is almost dead.
The wall freezes the jelly.
You kill the jelly!
Makhleb accepts your kill.
Your Ice Magic skill increases to level 6!
Throw: 22 stones
Press: ? - help, Q - select action, (/) - cycle Shift-Dir - straight line, f - Menkaure
Aim: Menkaure (fast, 73% to hit)
You throw a stone. The stone barely misses Menkaure.
Menkaure gestures at you while chanting.
Pain shoots through your body!
* * * LOW HITPOINT WARNING * * *
Menkaure points at you and mumbles some strange words.
Pain shoots through your body!
* * * LOW HITPOINT WARNING * * *
Casting: Ozocubu's Armour (dangerous; 4% risk of failure)
Confirm with . or Enter, or press ? or * to list all spells.
You can't see any susceptible monsters within range! (Use Z to cast anyway.) It was a potion of attraction.
You feel attractive to monsters. Menkaure is attracted toward you.
It was a potion of flight.
You feel very buoyant.
You fly up into the air.
Menkaure resists.
The wall freezes Menkaure.
Menkaure closely misses you.
It was a potion of berserk rage.
A red film seems to cover your vision as you go berserk!
You feel yourself moving faster!
You feel mighty!
Menkaure resists.
The wall freezes Menkaure.
Menkaure hits you.
* * * LOW HITPOINT WARNING * * *
You hit Menkaure but do no damage.
Your weapon exudes an aura of protection.
Menkaure is lightly damaged.
Menkaure resists.
The wall freezes Menkaure.
Menkaure hits you.
You die...

##############
.####.<....)......
#..................
...................
...................##....
..............§M@.## ...
..........)....#### ..
......$.......##KW.#
.........(....# .#.#
............. #. .#
##............ ## .#
..<........... .#
.#.......... #........


You could see Menkaure (fast) and styxcanada's ghost.

Vanquished Creatures
  A jelly (D:4)
  An iguana (D:4)
  A scorpion zombie (D:3)
  7 adders
  3 dart slugs
  4 orcs (D:3)
  7 ball pythons
  8 endoplasms
  4 giant cockroaches
  4 goblins
  8 hobgoblins
  6 jackals
  2 quokkas
  6 bats
  2 frilled lizards
  5 kobolds
  7 rats
76 creatures vanquished.

Notes
Turn   | Place    | Note
-------+----------+-------------------------------------------
     0 | D:1      | firemarshallily the Merfolk Ice Elementalist began the
                  | quest for the Orb.
     0 | D:1      | Reached XP level 1. HP: 13/13 MP: 3/3
    99 | D:1      | Reached XP level 2. HP: 11/19 MP: 0/5
   639 | D:1      | Reached XP level 3. HP: 22/24 MP: 2/6
   937 | D:1      | Reached skill level 5 in Ice Magic
  1219 | D:1      | Found a faded altar of an unknown god.
  1227 | D:1      | Prayed at the altar of an unknown god.
  1227 | D:1      | Became a worshipper of Makhleb the Destroyer
  1227 | D:1      | Reached * piety under Makhleb
  1295 | D:2      | Found Dainnuva's Antique Weapon Boutique.
  1303 | D:2      | Identified the +1 hand axe of Profit {protect, Will- MP+9
                  | Str+8}
  1394 | D:2      | Reached XP level 4. HP: 30/30 MP: 8/8
  1547 | D:2      | Learned a level 3 spell: Frozen Ramparts
  1552 | D:2      | Learned a level 3 spell: Ozocubu's Armour
  1555 | D:2      | Learned a level 2 spell: Ensorcelled Hibernation
  2286 | D:3      | Reached XP level 5. HP: 30/35 MP: 10/10
  2391 | D:3      | Reached skill level 1 in Axes
  2443 | D:3      | Reached ** piety under Makhleb
  2854 | D:4      | Noticed Menkaure
  2867 | D:4      | Noticed a kobold brigand
  2870 | D:4      | Noticed styxcanada's ghost (amateur SpBr)
  2914 | D:4      | Reached skill level 6 in Ice Magic
  2918 | D:4      | Slain by Menkaure

Illustrated notes

Levels and vault maps discovered:
D:1:      doesnt_arrival_eight_statues, layout_basic,
          ebering_ecumenical_altar_hall
D:2:      layout_loops_ring, serial_shops, shop
D:3:      layout_rooms
D:4:      layout_rooms, gammafunk_ghost_abyssal_escape,
          kennysheep_pointless_box, uniq_grinder, uniq_menkaure

Skill      XL: |  1  2  3  4  5 |
---------------+----------------+-----
Dodging        | 3 |  3.0
Ice Magic      | 5 6 |  6.0
Spellcasting   | 3 |  3.8
Axes           | 1 |  1.3
Stealth        | |  2.1

Action                   |  1- 3 |  4- 6 || total
-------------------------+-------+-------++-------
Melee: Unarmed           |    11 |       ||    11
       Dagger            |     2 |       ||     2
       Hand axe          |     3 |   108 ||   111
Throw: Stone             |       |     1 ||     1
 Cast: Freeze            |    49 |    17 ||    66
       Ozocubu's Armour  |       |     4 ||     4
       Frozen Ramparts   |       |     3 ||     3
  Use: Scroll            |     1 |       ||     1
       Potion            |       |     3 ||     3
 Stab: Sleeping          |     2 |     5 ||     7
       Distracted        |       |     1 ||     1
Armor: Robe              |     5 |    30 ||    35
Dodge: Dodged            |    33 |    66 ||    99
